 Dungeon Crawl Stone Soup version 0.30.0-20-g3615ddf2f0 (webtiles) character file.

Game seed: 7064353689451038567

115 qw the Chopper (level 5, -5/32 HPs)
             Began as a Gargoyle Fighter on May 27, 2023.
             Killed by divine providence
             ... invoked by an orc priest
              (15 damage)
             ... on level 3 of the Dungeon.
             The game lasted 00:01:28 (2461 turns).

qw the Chopper (Gargoyle Fighter)                   Turns: 2461, Time: 00:01:28

Health: -5/32      AC: 10    Str: 28    XL:     5   Next: 0%
Magic:  5/5        EV:  9    Int:  8    God:
Gold:   110        SH:  4    Dex:  9    Spells: 4/4 levels left

rFire   . . .        Y - +1 war axe
rCold   . . .        c - +0 buckler
rNeg    + . .        b - +0 scale mail
rPois   inf          (no helmet)
rElec   +            (no cloak)
rCorr   .            (no gloves)
SInv    .            (no boots)
Will    .....        (no amulet) Stlth
                     g - +6 ring of strength
HPRegen 0.25/turn    (no ring)
MPRegen 0.09/turn

%: no passive effects
@: no status effects
A: sickness immunity, AC +4, negative energy resistance 1, electricity
resistance, torment resistance 1, petrification resistance
a: no special abilities


You were on level 3 of the Dungeon.
You visited 1 branch of the dungeon, and saw 3 of its levels.

You collected 110 gold pieces.


Innate Abilities, Weirdness & Mutations

You are immune to sickness and miasma.
Your stone body is resilient. (AC +4)
You are immune to poison.
You resist negative energy. (rN+)
You are resistant to electric shocks. (rElec)
You are resistant to unholy torment.
You are immune to petrification.


   Skills:
 - Level 3.2 Fighting
 + Level 4.5 Axes
 - Level 3.2 Armour
 - Level 3.2 Shields


You had 4 spell levels left.
You didn't know any spells.
Your spell library was empty.

Inventory:

Hand Weapons
 o - a +0 whip
 Y - a +1 war axe (weapon)
Armour
 b - a +0 scale mail (worn)
 c - a +0 buckler (worn)
Jewellery
 g - a +6 ring of strength (left hand)
 p - a ring of ice
Scrolls
 a - 3 scrolls of teleportation
 h - 3 scrolls of identify
 i - a scroll of poison {unknown}
 j - a scroll of enchant armour {unknown}
 l - a scroll of fear {unknown}
 n - a scroll of fog {unknown}
Potions
 d - a potion of might
 e - a potion of mutation
 f - a potion of resistance
 k - 2 potions of curing
 m - a potion of flight {unknown}

Dungeon Overview and Level Annotations

Branches:
Dungeon (3/15)

Altars:


Message History

The orc hits you but does no damage.
An orc comes into view. It is wielding a +0 dagger.
The orc priest calls down the wrath of Beogh upon you.
Beogh smites you!
Things that are here:
a +0 club; a +0 leather armour; an orc corpse
Enter note:
Enter note:
Enter note:
Enter note:
Enter note:
Enter note: You closely miss the orc.
The orc shouts!
You hear a shout!
You block the orc's attack.
The orc priest miscasts a cantrip.
You hit the orc but do no damage. The orc hits you with a +0 trident.
You hit the orc but do no damage. The orc hits you but does no damage.
You hit the orc.
The orc is moderately wounded.
The orc hits you but does no damage. The orc misses you.
The orc wizard mumbles some strange words.
The orc wizard flickers and vanishes!
Deactivating autopickup; reactivate with Ctrl-A.
You hit the orc.
You kill the orc!
You hit the orc but do no damage. The orc hits you but does no damage.
You have reached level 5!
You barely miss the orc.
An endoplasm comes into view.
The orc hits you but does no damage.
You closely miss the orc.
The orc priest invokes the aid of Beogh against you.
Beogh smites you! You block the orc's attack.
The orc priest mumbles some strange prayers to Beogh against you.
Beogh smites you!
You die...

#.......#...## .#
#######.#.#
#..........## .
..........# ###!..######
########)### ##.## ####
#.# #.# #.. ###.#####
#.. ##.## #........ .#
..#####...###.##....##..
#.o...o)#.....##..#.##.#
#@..# #...#....# ##.##
...#####... #.# ###...
>...# #.# ##<. ....# #.#
#....#### ##.## #.###
..#####...## #.#
#.......#..# #.#
..#####...## #.#######


You could see an orc priest and an orc.

Vanquished Creatures
  4 adders
  2 worms (D:2)
  A dart slug (D:2)
  2 orcs (D:3)
  6 bats
  7 endoplasms
  2 giant cockroaches (D:1)
  5 goblins
  7 hobgoblins
  4 jackals (D:1)
  5 kobolds
  3 quokkas
  2 ball pythons
  2 frilled lizards
  16 rats
68 creatures vanquished.

Notes
Turn   | Place    | Note
-------+----------+-------------------------------------------
     0 | D:1      | qw the Gargoyle Fighter began the quest for the Orb.
     0 | D:1      | Reached XP level 1. HP: 14/14 MP: 1/1
     0 | D:1      | 0 ||| qw: Version: 0.2-a-99-gce666ed
     0 | D:1      | 0 ||| qw: Game counter: 133
     0 | D:1      | 0 ||| qw: Always use a shield: true
     0 | D:1      | 0 ||| qw: God list: Okawaru
     0 | D:1      | 0 ||| qw: Allow faded altars: false
     0 | D:1      | 0 ||| qw: Do Orc after D:15 true
     0 | D:1      | 0 ||| qw: Do second Lair branch before Depths: true
     0 | D:1      | 0 ||| qw: Lair rune preference: random
     0 | D:1      | 0 ||| qw: Plans: Normal, Zot:1-4, God:TSO, Crypt, Tomb,
                  | Pan, Slime:5, Hells, Abyss, Win
     0 | D:1      | 0 ||| PLANNING D:1-11
    42 | D:1      | Reached skill level 2 in Axes
   166 | D:1      | Reached XP level 2. HP: 19/19 MP: 2/2
   339 | D:1      | 339 ||| Stepping ~*~*~tactically~*~*~ (hiding).
   340 | D:1      | 340 ||| Stepping ~*~*~tactically~*~*~ (hiding).
   622 | D:1      | Reached skill level 3 in Axes
   626 | D:1      | 626 ||| Stepping ~*~*~tactically~*~*~ (stealth).
   642 | D:1      | 642 ||| Stepping ~*~*~tactically~*~*~ (stealth).
   652 | D:1      | Reached XP level 3. HP: 23/23 MP: 3/3
   678 | D:1      | 678 ||| Stepping ~*~*~tactically~*~*~ (stealth).
   679 | D:1      | 679 ||| Stepping ~*~*~tactically~*~*~ (stealth).
   680 | D:1      | 680 ||| Stepping ~*~*~tactically~*~*~ (stealth).
   683 | D:1      | 683 ||| Stepping ~*~*~tactically~*~*~ (stealth).
   684 | D:1      | 684 ||| Stepping ~*~*~tactically~*~*~ (stealth).
   770 | D:1      | Found a faded altar of an unknown god.
   985 | D:1      | 985 ||| UPGRADING to +6 ring of strength.
   986 | D:1      | 986 ||| READING 2 scrolls labelled SAJEHEXZAECH.
   991 | D:1      | 991 ||| READING 2 scrolls labelled JOFEBL LIKUM.
   992 | D:1      | 992 ||| READING scroll labelled CISOLA FULUVVE.
   993 | D:1      | 993 ||| DRINKING 2 black potions.
  1105 | D:2      | 1105 ||| Stepping ~*~*~tactically~*~*~ (hiding).
  1307 | D:2      | 1307 ||| DROPPING +0 club.
  1530 | D:2      | 1530 ||| Stepping ~*~*~tactically~*~*~ (hiding).
  1564 | D:2      | Reached XP level 4. HP: 28/28 MP: 4/4
  1709 | D:2      | Reached skill level 4 in Axes
  1833 | D:2      | 1833 ||| DROPPING amulet of faith.
  1834 | D:2      | 1834 ||| READING scroll labelled CAOR YTAECH.
  1835 | D:2      | 1835 ||| READING scroll labelled GOPPOVU ZAQUI.
  1856 | D:2      | 1856 ||| READING scroll labelled POKKYE HIAL.
  1857 | D:2      | 1857 ||| READING 5 scrolls of identify.
  1857 | D:2      | 1857 ||| IDENTIFYING emerald potion
  1858 | D:2      | 1858 ||| READING 4 scrolls of identify.
  1858 | D:2      | 1858 ||| IDENTIFYING bubbling grey potion
  1859 | D:2      | 1859 ||| READING 3 scrolls of identify.
  1859 | D:2      | 1859 ||| IDENTIFYING brown potion
  1860 | D:2      | 1860 ||| READING 2 scrolls of identify.
  1860 | D:2      | 1860 ||| IDENTIFYING silvery potion
  1861 | D:2      | 1861 ||| DROPPING potion of brilliance.
  1862 | D:2      | 1862 ||| DROPPING potion of invisibility.
  1967 | D:3      | 1967 ||| Stepping ~*~*~tactically~*~*~ (stealth).
  1971 | D:3      | 1971 ||| Stepping ~*~*~tactically~*~*~ (hiding).
  1972 | D:3      | 1972 ||| Stepping ~*~*~tactically~*~*~ (hiding).
  2106 | D:3      | 2106 ||| Stepping ~*~*~tactically~*~*~ (stealth).
  2450 | D:3      | 2450 ||| Stepping ~*~*~tactically~*~*~ (hiding).
  2460 | D:3      | Reached XP level 5. HP: 19/32 MP: 5/5
  2461 | D:3      | Killed from afar by an orc priest

Levels and vault maps discovered:
D:1:      dpeg_arrival_ratfight, layout_basic, dreamdust_ecumenical_altar_grove
D:2:      layout_loops_ring
D:3:      layout_loops_ring, kennysheep_orc_sif_temple, minmay_misc_feat_tower

Skill      XL: |  1  2  3  4 |
---------------+-------------+-----
Axes           | 2 3 4 |  4.5
Fighting       | |  3.2
Armour         | |  3.2
Shields        | |  3.2

Action                     |  1- 3 |  4- 6 || total
---------------------------+-------+-------++-------
  Melee: War axe           |   116 |    68 ||   184
    Use: Scroll            |     3 |     7 ||    10
         Potion            |     1 |       ||     1
 Armour: Scale mail        |    45 |    36 ||    81
  Dodge: Dodged            |    41 |    25 ||    66
  Block: Buckler           |    18 |     8 ||    26

Table legend:
 A = Non-vault XP
 B = Vault XP
 C = Vault XP percentage of total XP
 D = Non-vault monster count
 E = Vault monster count
 F = Vault count percentage of total count
                 A         B        C        D         E       F
            +---------+---------+-------+---------+---------+-------
      Total |     160 |       5 |   3.0 |      63 |       5 |   7.4
            +---------+---------+-------+---------+---------+-------
        D:1 |      38 |       5 |  11.6 |      22 |       5 |  18.5
        D:2 |      58 |       0 |   0.0 |      23 |       0 |   0.0
        D:3 |      64 |       0 |   0.0 |      18 |       0 |   0.0
            +---------+---------+-------+---------+---------+-------
